 Dungeon Crawl Stone Soup version 0.26.0-8-g74fc34ddfb (webtiles) character file.

Game seed: 3625404284966545832

81 shakesphere1979 the Magician (level 4, 0/32 HPs)
             Began as a Gnoll Wanderer on Jan 13, 2021.
             Slain by a gnoll
             ... wielding a +0 club
              (11 damage)
             ... on level 2 of the Dungeon.
             The game lasted 00:06:41 (3264 turns).

shakesphere1979 the Magician (Gnoll Wanderer)       Turns: 3264, Time: 00:06:41

Health: 0/32       AC:  3    Str: 13    XL:     4   Next: 40%
Magic:  13/13      EV: 11    Int: 16    God:
Gold:   103        SH:  4    Dex: 15    Spells: 16/17 levels left

rFire    . . .     SeeInvis .   a - +2 dagger
rCold    . . .     Faith    .   p - +0 buckler
rNeg     . . .     Spirit   .   d - +0 robe
rPois    .         Reflect  .   (no helmet)
rElec    .         Harm     .   (no cloak)
rCorr    .         Rampage  .   (no gloves)
Will     .....                  y - +0 pair of boots
Stlth    ++........             (no amulet)
HPRegen  0.10/turn              (no ring)
MPRegen  0.13/turn              (no ring)

@: no status effects
A: distributed training, fangs 1, strong nose
a: no special abilities


You were on level 2 of the Dungeon.
You visited 1 branch of the dungeon, and saw 3 of its levels.

You collected 103 gold pieces.

Inventory:

Hand Weapons
 a - a +2 dagger (weapon)
 o - a +0 hunting sling
Missiles
 b - a curare-tipped dart (quivered)
 c - 12 arrows
 k - 7 boomerangs
 q - 14 poisoned darts
 v - 82 stones
 w - 21 sling bullets
Armour
 d - a +0 robe (worn)
 p - a +0 buckler (worn)
 t - a cursed +0 robe
 y - a +0 pair of boots (worn)
Jewellery
 r - an uncursed ring of protection from cold {unknown}
Scrolls
 e - a scroll of blinking {unknown}
 g - 2 scrolls of remove curse {unknown}
 h - 3 scrolls of immolation {unknown}
 i - 3 scrolls of amnesia {unknown}
 j - a scroll of fog {unknown}
 u - 3 scrolls of teleportation {unknown}
 x - a scroll of identify {unknown}
Potions
 f - a potion of flight {unknown}
 l - a potion of cancellation {unknown}
 m - a potion of brilliance {unknown}
 n - a potion of haste {unknown}
 s - 2 potions of heal wounds {unknown}


   Skills:
 + Level 1.1 Fighting
 + Level 1.1 Short Blades
 + Level 1.1 Long Blades
 + Level 1.1 Axes
 + Level 1.1 Maces & Flails
 + Level 1.1 Polearms
 + Level 1.1 Staves
 + Level 1.1 Slings
 + Level 1.1 Bows
 + Level 1.1 Crossbows
 + Level 4.6 Throwing
 + Level 1.1 Armour
 + Level 1.1 Dodging
 + Level 1.1 Stealth
 + Level 1.1 Shields
 + Level 1.1 Unarmed Combat
 + Level 7.2 Spellcasting
 + Level 0.9 Conjurations
 + Level 0.9 Hexes
 + Level 0.9 Summonings
 + Level 0.9 Necromancy
 + Level 0.9 Translocations
 + Level 0.9 Transmutations
 + Level 0.9 Fire Magic
 + Level 3.8 Ice Magic
 + Level 0.9 Air Magic
 + Level 3.8 Earth Magic
 + Level 2.2 Poison Magic
 + Level 1.2 Invocations
 + Level 1.1 Evocations


You had 16 spell levels left.
You knew the following spells:

 Your Spells              Type           Power        Failure   Level
a - Sting                 Tmut/Pois      40%          9%          1

Your spell library contained the following spells:

 Spells                   Type           Power        Failure   Level
 Ignite Poison            Fire/Tmut/Pois 10%          28%         3


Dungeon Overview and Level Annotations

Branches:
Dungeon (3/15)

Altars:
Wu Jian


Innate Abilities, Weirdness & Mutations

Your experience applies equally to all skills.
You have very sharp teeth.
Your uncanny sense of smell can sniff out nearby items.


Message History

The gnoll shouts! x2; The adder hisses angrily.
You hear a shout!
Found 19 bolts and 25 stones.
Found two stone staircases leading up.
There is a stone staircase leading up here.
The gnoll closely misses you.
The gnoll hits you from afar with a +0 spear.
You climb upwards.
There is a stone staircase leading down here.
You hit the gnoll but do no damage. You hit the gnoll but do no damage.
The gnoll hits you with a +0 club.
You completely miss the gnoll. Your bite misses the gnoll.
The gnoll closely misses you.
You closely miss the gnoll. The gnoll hits you with a +0 club.
You closely miss the gnoll. The gnoll hits you with a +0 club!
You hit the gnoll.
The gnoll is heavily wounded.
The gnoll hits you with a +0 club!
You barely miss the gnoll. You bite the gnoll, but do no damage.
The gnoll is heavily wounded.
The gnoll hits you with a +0 club!
You die...

#..### #.# #####...#..#
#.#######<#####.......#.##
#................†..##..#
#..######.###..#######.###
#..# #.##..## #..... #..#
#.##.########..### #..#
#.##...........# #..#
#g##.######..### #..#
#@#### #..## #..# #.# #.##
#..# #.# ##.# # #..###
##.# ###..# ###
#.)..###..# #...## ##..
##.##..##.## #.### #..#
#..###.##.# ##.# ####.#.
#÷## #.##.# #..####....#.
####.####....#
#######........


You could see a gnoll.

Vanquished Creatures
  2 adders (D:2)
  An ooze (D:1)
  3 worms (D:2)
  A dart slug (D:2)
  2 leopard geckos (D:1)
  3 giant cockroaches
  6 goblins
  4 hobgoblins
  2 quokkas (D:2)
  3 ball pythons
  4 bats
  5 frilled lizards
  6 kobolds
  7 rats
49 creatures vanquished.

Vanquished Creatures (others)
  A ghoul (D:1)
  A minotaur (D:1)
  A draconian (D:1)
  2 gargoyles (D:1)
  A vine stalker (D:1)
  2 vampires (D:1)
  A spriggan (D:1)
  2 formicids (D:1)
  A human (D:1)
  A dwarf (D:1)
  A centaur (D:1)
  A mummy (D:1)
  6 tentacles (D:1)
21 creatures vanquished.

Grand Total: 70 creatures vanquished

Notes
Turn   | Place    | Note
-------+----------+-------------------------------------------
     0 | D:1      | shakesphere1979 the Gnoll Wanderer began the quest for the
                  | Orb.
     0 | D:1      | shakesphere1979 set off with the following items: a +2
                  | dagger, a curare-tipped dart, a +0 robe; and the following
                  | spell memorised: Sting; and the following spells available
                  | to memorise: Ignite Poison
     0 | D:1      | Reached XP level 1. HP: 13/13 MP: 8/8
     2 | D:1      | Noticed a draconian
     2 | D:1      | Noticed a formicid
     2 | D:1      | Noticed a vampire
     2 | D:1      | Noticed a centaur
     2 | D:1      | Noticed a vine stalker
     2 | D:1      | Noticed a formicid
     2 | D:1      | Noticed a kraken
     2 | D:1      | Noticed a ghoul
     2 | D:1      | Noticed a spriggan
     2 | D:1      | Noticed a gargoyle
     2 | D:1      | Noticed a minotaur
     2 | D:1      | Noticed a human
     2 | D:1      | Noticed a vampire
     2 | D:1      | Noticed a dwarf
     2 | D:1      | Noticed a gargoyle
     3 | D:1      | Killed a gargoyle
     4 | D:1      | Killed a gargoyle
     6 | D:1      | Killed a centaur
     6 | D:1      | Killed a human
     9 | D:1      | Killed a formicid
    11 | D:1      | Killed a dwarf
    13 | D:1      | Killed a vampire
    14 | D:1      | Killed a spriggan
    15 | D:1      | Killed a vampire
    16 | D:1      | Killed a ghoul
    16 | D:1      | Killed a draconian
    17 | D:1      | Killed a minotaur
    18 | D:1      | Killed a vine stalker
    18 | D:1      | Killed a formicid
   433 | D:1      | Reached XP level 2. HP: 19/19 MP: 10/10
  1218 | D:1      | Reached XP level 3. HP: 25/25 MP: 11/11
  1360 | D:2      | HP: 1/25 [kobold/stone (3)]
  1991 | D:2      | Reached skill level 1 in Invocations
  2172 | D:2      | Reached skill level 1 in Fighting
  2172 | D:2      | Reached skill level 1 in Short Blades
  2172 | D:2      | Reached skill level 1 in Long Blades
  2172 | D:2      | Reached skill level 1 in Axes
  2172 | D:2      | Reached skill level 1 in Maces & Flails
  2172 | D:2      | Reached skill level 1 in Polearms
  2172 | D:2      | Reached skill level 1 in Staves
  2172 | D:2      | Reached skill level 1 in Slings
  2172 | D:2      | Reached skill level 1 in Bows
  2172 | D:2      | Reached skill level 1 in Crossbows
  2172 | D:2      | Reached skill level 1 in Armour
  2172 | D:2      | Reached skill level 1 in Dodging
  2172 | D:2      | Reached skill level 1 in Stealth
  2172 | D:2      | Reached skill level 1 in Shields
  2172 | D:2      | Reached skill level 1 in Unarmed Combat
  2172 | D:2      | Reached skill level 1 in Evocations
  2365 | D:2      | Reached XP level 4. HP: 32/32 MP: 13/13
  3157 | D:2      | Found an ornate altar of the Wu Jian Council.
  3264 | D:2      | Slain by a gnoll

Illustrated notes

Levels and vault maps discovered:
D:1:      nicolae_arrival_kraken_aquarium_b, layout_basic,
          minmay_misc_feat_hallway, minmay_pentomino_p4
D:2:      layout_rooms, nzn_wu_jian_contemplation
D:3:      layout_loops_ring, serial_undead, serial_undead_a, serial_undead_c,
          serial_undead_b, serial_undead_d, uniq_sigmund

Skill      XL: |  1  2  3 |
---------------+----------+-----
Poison Magic   | 2 |  2.2
Invocations    | 1 |  1.2
Fighting       | 1 |  1.1
Short Blades   | 1 |  1.1
Long Blades    | 1 |  1.1
Axes           | 1 |  1.1
Maces & Flails | 1 |  1.1
Polearms       | 1 |  1.1
Staves         | 1 |  1.1
Slings         | 1 |  1.1
Bows           | 1 |  1.1
Crossbows      | 1 |  1.1
Armour         | 1 |  1.1
Dodging        | 1 |  1.1
Stealth        | 1 |  1.1
Shields        | 1 |  1.1
Unarmed Combat | 1 |  1.1
Evocations     | 1 |  1.1
Throwing       | |  4.6
Spellcasting   | |  7.2
Conjurations   | |  0.9
Hexes          | |  0.9
Summonings     | |  0.9
Necromancy     | |  0.9
Translocations | |  0.9
Transmutations | |  0.9
Fire Magic     | |  0.9
Ice Magic      | |  3.8
Air Magic      | |  0.9
Earth Magic    | |  3.8

Action                   |  1- 3 |  4- 6 || total
-------------------------+-------+-------++-------
Melee: Dagger            |   128 |    46 ||   174
       Bite              |    14 |     6 ||    20
 Stab: Sleeping          |     3 |     1 ||     4
Armor: Robe              |    12 |     3 ||    15
Dodge: Dodged            |    65 |    18 ||    83
Block: Buckler           |     5 |     2 ||     7
